 Dungeon Crawl Stone Soup version 0.31.0-11-ge490571c62 (webtiles) character file.

Game seed: 9586847044717813250

198023 tsouns the Impaler (level 18, -2/151 HPs)
             Began as a Merfolk Fighter on Jan 30, 2024.
             Was the Champion of Jiyva.
             Succumbed to a nagaraja's splash of poison
             ... on level 4 of the Snake Pit on Jan 31, 2024.
             The game lasted 01:09:58 (25057 turns).

tsouns the Impaler (Merfolk Fighter)               Turns: 25057, Time: 01:09:59

Health: -2/151     AC: 32    Str: 23    XL:     18   Next: 8%
Magic:  18/18      EV: 15    Int: 11    God:    Jiyva [******]
Gold:   707        SH: 16    Dex: 13    Spells: 17/17 levels left

rFire   + . .        x - +3 demon trident
rCold   + . .        p - +3 buckler of Responsibility {+Blink rF+ rC+ Regen+}
rNeg    + . .        J - +14 Cigotuvi's embrace {Corpsefed rMiasma ^Drain rN+}
rPois   .            r - +1 hat
rElec   .            u - +1 cloak
rCorr   +            k - +2 pair of gloves
SInv    +            q - +1 pair of boots {Fly}
Will    ++...        E - amulet "Teinel" {Reflect rCorr SH+5}
Stlth   +++          o - ring of willpower
HPRegen 3.65/turn    M - +4 ring of protection
MPRegen 0.96/turn

%: reflection
@: lethally poisoned (-2 -> -34), calling ooze, flying
A: (nimble swimmer 2), mertail, fangs 3, horns 1, see invisible, clever 1, sense
surroundings 1, regeneration 1, shaggy fur 2, pseudopods 1, jelly sensing items,
MP-powered wands, engulf
}: 1/15 runes: slimy
a: Renounce Religion, Evoke Blink, Oozemancy, Slimify


You were on level 4 of the Snake Pit.
You worshipped Jiyva.
Jiyva was exalted by your worship.
You visited 6 branches of the dungeon, and saw 32 of its levels.
You also visited: Volcano.

You collected 2280 gold pieces.
You spent 1573 gold pieces at shops.

Inventory:

Hand Weapons
 x - a +3 demon trident (weapon)
 C - the +7 shortbow of the Enchanting Gods {heavy, rC+}
   (You found it on level 5 of the Pits of Slime)

   rC+:       It protects you from cold.
Missiles
 c - 9 javelins
 j - a throwing net (quivered)
Armour
 k - a +2 pair of gloves (worn)
 p - the +3 buckler of Responsibility (worn) {+Blink rF+ rC+ Regen+}
   (You found it on level 4 of the Dungeon)

   rF+:       It protects you from fire.
   rC+:       It protects you from cold.
   +Blink:    It lets you blink.
   Regen+:    It increases your rate of health regeneration.
 q - a +1 pair of boots of flying (worn)
 r - a +1 hat (worn)
 u - a +1 cloak (worn)
 J - the +14 Cigotuvi's embrace (worn) {Corpsefed rMiasma ^Drain rN+}
   (You found it on level 5 of the Lair of Beasts)

   Corpsefed: It gathers nearby corpses to temporarily increase the armour it
   provides.
   rMiasma:   It protects you from foul pestilence.
   rN+:       It protects you from negative energy.
   ^Drain:    It drains your maximum health when unequipped.
Jewellery
 o - a ring of willpower (left hand)
 v - the amulet "Tieqiuc" {Reflect rCorr SH+5}
   (You took it off a naga on level 2 of the Snake Pit)

   [amulet of reflection]

   Reflect:   It reflects blocked missile attacks.
   rCorr:     It protects you from acid and corrosion.
   SH+5:      It affects your SH (+5).
 y - the amulet of Quseudih {Spirit Harm rCorr Str+2}
   (You found it on level 9 of the Dungeon)

   [amulet of guardian spirit]

   Spirit:    It causes incoming damage to be divided between your reserves of
   health and magic.
   Str+2:     It affects your strength (+2).
   rCorr:     It protects you from acid and corrosion.
   Harm:      It increases damage dealt and taken.
 A - a ring of poison resistance
 E - the amulet "Teinel" (around neck) {Reflect rCorr SH+5}
   (You found it on level 5 of the Pits of Slime)

   [amulet of reflection]

   Reflect:   It reflects blocked missile attacks.
   rCorr:     It protects you from acid and corrosion.
   SH+5:      It affects your SH (+5).
 I - a ring of protection from fire
 K - a +5 ring of evasion
 M - a +4 ring of protection (right hand)
 Q - a ring of flight
Wands
 a - a wand of quicksilver (4)
 t - a wand of polymorph (11)
 w - a wand of paralysis (4)
 z - a wand of mindburst (19)
 G - a wand of flame (25)
Scrolls
 e - 6 scrolls of teleportation
 m - 2 scrolls of poison
 B - 8 scrolls of identify
 F - a scroll of amnesia
 H - 3 scrolls of fog
 N - a scroll of silence
 P - a scroll of butterflies
Potions
 b - 3 potions of ambrosia
 d - 6 potions of might
 f - a potion of enlightenment
 g - 2 potions of attraction
 i - 5 potions of lignification
 l - 3 potions of mutation
 n - 2 potions of brilliance
 L - 2 potions of magic
Miscellaneous
 h - a sack of spiders
 s - a condenser vane (inert)
 D - a lightning rod (3/4)


   Skills:
 + Level 16.3 Fighting
 + Level 19.0 Polearms
 + Level 11.7 Armour
 + Level 8.2 Dodging
 + Level 7.6 Stealth
 + Level 15.0 Shields
 + Level 11.7 Evocations


You had 17 spell levels left.
You didn't know any spells.
Your spell library contained the following spells:

 Spells                   Type           Power      Damage    Failure   Level
 Apportation              Tloc           0%         N/A       41%         1
 Necrotise                Necr           0%         1d4       41%         1
 Sting                    Conj/Alch      0%         1d3       41%         1
 Summon Small Mammal      Summ           0%         N/A       41%         1
 Blink                    Tloc           0%         N/A       54%         2
 Lesser Beckoning         Tloc           0%         N/A       54%         2
 Momentum Strike          Conj/Tloc      0%         3d8       54%         2
 Static Discharge         Conj/Air       0%         3-3/arc   54%         2
 Call Canine Familiar     Summ           0%         N/A       78%         3
 Dazzling Flash           Conj/Hex       0%         N/A       78%         3
 Inner Flame              Hex/Fire       0%         N/A       78%         3
 Mephitic Cloud           Conj/Alch/Air  0%         N/A       78%         3
 Ozocubu's Armour         Ice            0%         N/A       78%         3
 Sigil of Binding         Hex            0%         N/A       78%         3
 Tukima's Dance           Hex            0%         N/A       78%         3
 Airstrike                Air            0%         2d(0-16)  99%         4
 Brom's Barrelling Bould  Conj/Erth      0%         2d3       99%         4
 Dimensional Bullseye     Hex/Tloc       0%         N/A       99%         4
 Iskenderun's Mystic Bla  Conj/Tloc      0%         2d3       99%         4
 Olgreb's Toxic Radiance  Alch           0%         N/A       99%         4
 Summon Lightning Spire   Summ/Air       0%         N/A       99%         4
 Curse of Agony           Necr           0%         N/A       100%        5
 Fireball                 Conj/Fire      0%         3d3       100%        5
 Irradiate                Conj/Alch      0%         3d11      100%        5
 Iskenderun's Battlesphe  Conj           0%         2d6       100%        5
 Metabolic Englaciation   Hex/Ice        0%         N/A       100%        5
 Silence                  Hex/Air        0%         N/A       100%        5
 Bombard                  Conj/Erth      0%         9d1       100%        6
 Conjure Ball Lightning   Conj/Air       0%         3x3d6     100%        6
 Sculpt Simulacrum        Ice/Alch       0%         N/A       100%        6
 Orb of Destruction       Conj           0%         9d5       100%        7
 Ozocubu's Refrigeration  Ice            0%         4d7       100%        7
 Spellforged Servitor     Conj/Summ      0%         N/A       100%        7
 Discord                  Hex            0%         N/A       100%        8
 Disjunction              Tloc           0%         N/A       100%        8
 Ignition                 Fire           0%         3d3       100%        8
 Shatter                  Erth           0%         3d5*      100%        9


Dungeon Overview and Level Annotations

Branches:
Dungeon (15/15)            Temple (0/1) D:4            Lair (5/5) D:11
 Shoals (1/4) Lair:2        Snake (4/4) Lair:3        Slime (5/5) Lair:4
    Orc (2/2) D:11            Elf (0/3) Orc:2        Vaults (0/5) D:14
 Depths (0/4) D:15        Volcano (visited)

Altars:
Ashenzari
Dithmenos
Elyvilon
Gozag
Kikubaaqudgha
Okawaru
Qazlal
Ru
Sif Muna
Wu Jian
Xom
Yredelemnul
Zin
The Shining One
Jiyva
Lugonu

Shops:
D:3 :??   D:13 (   Orc:1 *(?(   Orc:2 *[=(   Snake:1 (   Snake:2 ((((
Snake:3 (=

Portals:
Abyss: Lair:5

Annotations:
D:12 2 transporters
Snake:3 Louise
Slime:5 Royal Jelly


Innate Abilities, Weirdness & Mutations

((You are very nimble when in or above water. (Stealth+, EV+, Speed+++)))
Your lower body shifts to a powerful aquatic tail in water.
You have razor-sharp teeth.
You have a pair of small horns on your head.
You have supernaturally acute eyesight. (SInv)
Your mind is acute. (Int +4, Str/Dex -1)
You passively map a small area around you.
Your natural rate of healing is unusually fast.
You are covered in thick fur. (AC +2)
Armour fits poorly on your pseudopods.
You have a small jelly attached to you that senses nearby items.
You expend magic power (3 MP) to strengthen your wands.
Your melee attacks may engulf your foes in ooze.


Message History

The walls burn the nagaraja!
You block the nagaraja's attack. The nagaraja constricts you.
The walls burn the salamander mystic!
Unknown command.
You puncture the salamander mystic! You headbutt the salamander mystic.
You bludgeon the salamander mystic, but do no damage.
The salamander mystic is almost dead.
You feel very sick.
The walls burn the nagaraja!
The nagaraja casts a spell at you.
You block the poison arrow... and reflect it back!
The poison arrow hits the nagaraja!!
The nagaraja partially resists.
The nagaraja is poisoned.
The nagaraja constricts you.
* * * LOW HITPOINT WARNING * * *
The walls burn the salamander mystic!
The salamander mystic casts a spell at you.
The bolt of magma hits you! You partially resist.
* * * LOW HITPOINT WARNING * * *
Okay, then.
The nagaraja's grasp on you weakens, but your attempt to escape fails.
You feel very sick.
The wall burns the salamander mystic!
The salamander mystic casts a spell at something.
The walls burn the nagaraja!
The nagaraja casts a spell at you. The bolt of poison hits you.
You are lethally poisoned!
* * * LOW HITPOINT WARNING * * *
The nagaraja constricts you.
The walls burn the salamander mystic!
You kill the salamander mystic!
The wall burns the salamander mystic!
The walls burn the nagaraja!
The nagaraja spits poison at you. The splash of poison hits you.
You are more poisoned.
* * * LOW HITPOINT WARNING * * *
The nagaraja constricts you.
* * * LOW HITPOINT WARNING * * *
Jiyva says: Divide and consume!
Your Shields skill increases to level 15!
You escape the nagaraja's grasp.
You die...

..≈§≈########≈≈≈...##....#
≈≈≈###......###≈§§..##...#
≈≈##..........##≈≈≈..##..####
≈##..)....)....##≈≈≈..##....#
##....######....##≈≈§§§####.#
#...### ,,###...##≈§§§.###.##
.).## , ##.[.##§§≈..##..#
).## ~ ~ ,##...#≈≈≈..###.#
).# ~ ,#@[N#####'###)# ### ~
~ ~ ##'#N..##..##.# * ~ ~ ~ ~
##N....##..#.# * ~ ~~ ~
#.......##...# ~ ~~
~~§S.......###### ~ ~
~~~~§§.#.......# ~
§§§.##.....## ~ §≈≈.,*##...##
~ ~ ≈≈≈ *####


You could see a nagaraja (fast, very poisoned), a salamander mystic (fast) and a
salamander (fast).

Vanquished Creatures
  Vashnia (Snake:4)
  2 nagarajas
  An orc warlord (Orc:2)
  An ironbound preserver (D:14)
  Nessos (Lair:4)
  Fannar (D:12)
  An entropy weaver (shapeshifter) (Lair:5)
  2 fire dragons (D:15)
  4 hydras
  3 salamander tyrants (Snake:4)
  2 ogre magi
  4 centaur warriors
  7 anacondas
  2 boulder beetles
  6 two-headed ogres
  12 naga warriors
  2 tengu warriors (D:14)
  3 orc high priests
  Urug (Lair:4)
  A hell knight (Volcano)
  16 naga sharpshooters
  9 shock serpents
  3 thrashing horrors (Lair:5)
  Amaemon (Lair:2)
  4 skeletal warriors
  A skyshark (Lair:5)
  2 sea snakes (Snake:3)
  7 salamander mystics
  2 large abominations (Lair:5)
  17 mana vipers
  5 naga ritualists
  3 lindwurms
  6 orc knights
  A deep elf pyromancer (D:15)
  17 ugly things
  4 cyclopes
  2 oklob plants (Lair:4)
  5 orc sorcerers
  4 wolf spiders
  5 manticores
  11 elephants
  20 salamanders
  3 meliai (D:15)
  Maurice (D:7)
  9 guardian serpents
  A kobold blastminer (Orc:2)
  33 black mambas
  A merfolk siren (Lair:2)
  21 naga magi
  A smoke demon (Lair:5)
  5 cane toads
  An orange demon (Lair:2)
  2 gargoyles
  5 yaktaurs (D:14)
  An unseen horror (D:12)
  An efreet (D:9)
  3 rime drakes
  13 komodo dragons
  A freezing wraith (D:14)
  3 merfolk (Lair:2)
  7 polar bears
  12 trolls
  A queen bee (shapeshifter) (Lair:5)
  Prince Ribbit (D:5)
  A tarantella (Lair:4)
  15 blink frogs
  A raiju (Lair:5)
  A spriggan (Lair:5)
  A jumping spider (shapeshifter) (Lair:5)
  A wraith (D:12)
  53 yaks
  A shadow (D:11)
  2 ynoxinuls (Lair:5)
  A vampire (D:10)
  4 wargs (Orc:2)
  5 wyverns
  2 fire bats (Volcano)
  8 basilisks
  2 steam dragons
  2 redbacks (Lair:4)
  11 vampire mosquitoes
  A chaos spawn (Lair:5)
  44 nagas
  4 acid dragons
  24 water moccasins
  2 ice beasts
  A meliai simulacrum (D:14)
  29 orc warriors
  A sky beast (D:7)
  3 black bears
  7 ogres
  A boggart (shapeshifter) (Lair:5)
  16 centaurs
  6 wolves
  2 phantoms (D:5)
  A kobold brigand (D:11)
  5 gnoll sergeants
  13 bullfrogs
  2 scorpions (D:6)
  7 small abominations (Lair:5)
  8 wights
  8 killer bees (D:9)
  13 howler monkeys
  2 bombardier beetles (D:4)
  5 lava snakes
  3 hounds
  8 orc priests
  2 gnoll boudas
  2 iguanas
  20 orc wizards
  8 adders
  14 gnolls
  4 white imps
  A howler monkey simulacrum (D:9)
  2 ufetubi (D:6)
  2 dart slugs (D:1)
  A ribbon worm (D:5)
  48 orcs
  5 bats
  5 endoplasms
  A giant cockroach (D:3)
  7 goblins
  7 hobgoblins
  4 jackals
  4 kobolds
  4 quokkas
  8 ball pythons
  2 frilled lizards (D:1)
  5 rats
811 creatures vanquished.

Vanquished Creatures (collateral kills)
  A salamander tyrant (Snake:2)
  A boulder beetle (D:11)
  2 naga warriors (Snake:2)
  A naga ritualist (Snake:2)
  An obsidian statue (Volcano)
  3 salamanders (Snake:2)
  A naga (Snake:2)
10 creatures vanquished.

Vanquished Creatures (others)
  An anaconda (Snake:4)
  3 nagas
  A water moccasin (Lair:2)
  2 centaurs (D:15)
  A scorpion (D:6)
  A gnoll sergeant (D:7)
  90 jellies
  A bombardier beetle (D:3)
  An orc priest (Orc:2)
  3 orc wizards
  3 gnolls (D:7)
  2 endoplasms (D:2)
  10 orcs
  A quokka (D:2)
  A frilled lizard (D:2)
  A kobold (D:2)
122 creatures vanquished.

Grand Total: 943 creatures vanquished

Notes
Turn   | Place    | Note
-------+----------+-------------------------------------------
     0 | D:1      | tsouns the Merfolk Fighter began the quest for the Orb.
     0 | D:1      | Reached XP level 1. HP: 18/18 MP: 1/1
   114 | D:1      | Reached skill level 3 in Polearms
   114 | D:1      | Reached XP level 2. HP: 24/24 MP: 2/2
   403 | D:1      | Reached XP level 3. HP: 29/29 MP: 3/3
   829 | D:2      | Found a faded altar of an unknown god.
   849 | D:2      | Prayed at the altar of an unknown god.
   849 | D:2      | Became a worshipper of Jiyva Jeneq the Shapeless
   849 | D:2      | Reached * piety under Jiyva
   888 | D:2      | Found an opulent altar of Gozag.
   983 | D:2      | Reached XP level 4. HP: 34/37 MP: 4/4
  1006 | D:2      | Reached ** piety under Jiyva
  1467 | D:3      | Found Gaod's Magic Scroll Emporium.
  1470 | D:3      | Bought a scroll of identify for 26 gold pieces
  1470 | D:3      | Bought a scroll of teleportation for 39 gold pieces
  1470 | D:3      | Bought a scroll of identify for 26 gold pieces
  1614 | D:3      | Found Puarph's Magic Scroll Emporium.
  1650 | D:3      | Reached *** piety under Jiyva
  1747 | D:3      | Identified the +6 chain mail of Nafuf {Dex+2}
  1875 | D:3      | Found Plog's Book Emporium.
  2028 | D:3      | Reached skill level 4 in Polearms
  2429 | D:4      | Identified the +3 buckler of Responsibility {+Blink rF+ rC+
                  | Regen+}
  2453 | D:4      | Reached XP level 5. HP: 36/42 MP: 5/5
  2507 | D:4      | Gained mutation: You have a small jelly attached to you
                  | that may absorb projectiles. [Jiyva's grace]
  2507 | D:4      | Gained mutation: You have a pair of small horns on your
                  | head. [Jiyva's grace]
  2507 | D:4      | Gained mutation: You have a pair of horns on your head.
                  | [Jiyva's grace]
  2507 | D:4      | Gained mutation: You have a pair of large horns on your
                  | head. [Jiyva's grace]
  2604 | D:4      | Reached **** piety under Jiyva
  2630 | D:4      | Found a staircase to the Ecumenical Temple.
  2794 | D:4      | Found an ancient bone altar of Kikubaaqudgha.
  2795 | D:4      | Found a stormy altar of Qazlal.
  2919 | D:4      | Reached XP level 6. HP: 49/49 MP: 6/6
  3305 | D:5      | Entered Level 5 of the Dungeon
  3323 | D:5      | Reached skill level 5 in Polearms
  3382 | D:5      | Reached skill level 5 in Fighting
  3495 | D:5      | Reached XP level 7. HP: 56/56 MP: 7/7
  3533 | D:5      | Noticed Prince Ribbit
  3546 | D:5      | Killed Prince Ribbit
  3633 | D:5      | Reached skill level 6 in Polearms
  3633 | D:5      | Reached skill level 5 in Shields
  3774 | D:5      | Reached ***** piety under Jiyva
  3851 | D:5      | Reached XP level 8. HP: 64/64 MP: 8/8
  4102 | D:6      | Lost mutation: You have a pair of large horns on your head.
                  | [Jiyva's grace]
  4102 | D:6      | Lost mutation: You have a small jelly attached to you that
                  | may absorb projectiles. [Jiyva's grace]
  4102 | D:6      | Gained mutation: Your natural rate of healing is unusually
                  | fast. [Jiyva's grace]
  4102 | D:6      | Gained mutation: You heal very quickly. [Jiyva's grace]
  4102 | D:6      | Gained mutation: You regenerate. [Jiyva's grace]
  4102 | D:6      | Gained mutation: You expend magic power (3 MP) to
                  | strengthen your wands. [Jiyva's grace]
  4142 | D:6      | Reached skill level 7 in Polearms
  4658 | D:7      | Reached XP level 9. HP: 70/71 MP: 9/9
  4780 | D:7      | Reached skill level 8 in Polearms
  4847 | D:7      | Found a glowing silver altar of Zin.
  4879 | D:7      | Noticed Maurice
  4886 | D:7      | Killed Maurice
  4887 | D:7      | Reached skill level 5 in Armour
  4981 | D:7      | Found a shadowy altar of Dithmenos.
  5194 | D:7      | Reached ****** piety under Jiyva
  5673 | D:8      | Lost mutation: You have a pair of horns on your head.
                  | [Jiyva's grace]
  5673 | D:8      | Lost mutation: You expend magic power (3 MP) to strengthen
                  | your wands. [Jiyva's grace]
  5673 | D:8      | Gained mutation: You are robust. (+10% HP) [Jiyva's grace]
  5673 | D:8      | Gained mutation: You are very robust. (+20% HP) [Jiyva's
                  | grace]
  5673 | D:8      | Gained mutation: You are extremely robust. (+30% HP)
                  | [Jiyva's grace]
  5673 | D:8      | Gained mutation: You have a small jelly attached to you
                  | that senses nearby items. [Jiyva's grace]
  5804 | D:8      | Paralysed by an orc wizard for 4 turns
  6023 | D:8      | Found a glowing golden altar of the Shining One.
  6130 | D:8      | Reached skill level 9 in Polearms
  6596 | D:9      | Reached XP level 10. HP: 101/104 MP: 10/10
  6598 | D:9      | Noticed a seven-headed hydra
  6608 | D:9      | Killed a seven-headed hydra
  6619 | D:9      | Identified the +2 mace of Checkmate {flame, rPois Dex+5}
  6682 | D:9      | Found a white marble altar of Elyvilon.
  6704 | D:9      | Reached skill level 10 in Polearms
  6887 | D:9      | Noticed a gargoyle
  6902 | D:9      | Killed a gargoyle
  6903 | D:9      | Noticed a wolf spider
  6915 | D:9      | Killed a wolf spider
  7028 | D:9      | Noticed a two-headed ogre
  7040 | D:9      | Killed a two-headed ogre
  7110 | D:9      | Found a broken altar of Ashenzari.
  7110 | D:9      | Found a basalt altar of Yredelemnul.
  7117 | D:9      | Found a shimmering blue altar of Sif Muna.
  7119 | D:9      | Found a shimmering altar of Xom.
  7121 | D:9      | Found an ornate altar of the Wu Jian Council.
  7233 | D:9      | Noticed a boulder beetle
  7358 | D:9      | Killed a boulder beetle
  7359 | D:9      | Reached skill level 11 in Polearms
  7359 | D:9      | Reached XP level 11. HP: 115/115 MP: 11/11
  7377 | D:9      | Noticed a skeletal warrior
  7413 | D:9      | Killed a skeletal warrior
  7418 | D:9      | Identified the amulet of Quseudih {Spirit Harm rCorr Str+2}
  7496 | D:9      | Noticed a two-headed ogre
  7505 | D:9      | Killed a two-headed ogre
  7527 | D:9      | Noticed a centaur warrior
  7534 | D:9      | Killed a centaur warrior
  7534 | D:9      | Noticed a manticore
  7535 | D:9      | Reached skill level 10 in Fighting
  7562 | D:9      | Killed a manticore
  7636 | D:10     | Entered Level 10 of the Dungeon
  7840 | D:10     | Reached skill level 12 in Polearms
  7871 | D:10     | Lost mutation: You have a pair of small horns on your head.
                  | [Jiyva's grace]
  7871 | D:10     | Lost mutation: You are extremely robust. (+30% HP) [Jiyva's
                  | grace]
  7871 | D:10     | Lost mutation: You have a small jelly attached to you that
                  | senses nearby items. [Jiyva's grace]
  7871 | D:10     | Gained mutation: Your muscles are strong. (Str +4, Int/Dex
                  | -1) [Jiyva's grace]
  7871 | D:10     | Gained mutation: Your muscles are very strong. (Str +8,
                  | Int/Dex -2) [Jiyva's grace]
  7871 | D:10     | Gained mutation: Your melee attacks may engulf your foes in
                  | ooze. [Jiyva's grace]
  7871 | D:10     | Gained mutation: You have an increased reservoir of magic.
                  | (+10% MP) [Jiyva's grace]
  8405 | D:11     | Found a staircase to the Orcish Mines.
  8464 | D:11     | Reached skill level 1 in Evocations
  8507 | D:11     | Found a staircase to the Lair.
  8515 | D:11     | Noticed a boulder beetle
  8558 | D:11     | Killed a boulder beetle
  8559 | D:11     | Reached skill level 10 in Shields
  8612 | D:11     | Reached XP level 12. HP: 118/118 MP: 13/13
  8885 | D:11     | Found a broken altar of Ashenzari.
  9267 | Lair:1   | Entered Level 1 of the Lair of Beasts
  9559 | Lair:1   | Reached skill level 13 in Polearms
  9602 | Lair:1   | Lost mutation: You are very robust. (+20% HP) [Jiyva's
                  | grace]
  9602 | Lair:1   | Lost mutation: You are robust. (+10% HP) [Jiyva's grace]
  9602 | Lair:1   | Lost mutation: Your melee attacks may engulf your foes in
                  | ooze. [Jiyva's grace]
  9602 | Lair:1   | Gained mutation: Armour fits poorly on your pseudopods.
                  | [Jiyva's grace]
  9602 | Lair:1   | Gained mutation: Armour fits poorly on your large
                  | pseudopods. [Jiyva's grace]
  9602 | Lair:1   | Gained mutation: Armour fits poorly on your massive
                  | pseudopods. [Jiyva's grace]
  9602 | Lair:1   | Gained mutation: You have a pair of small horns on your
                  | head. [Jiyva's grace]
 10351 | Lair:2   | Noticed Amaemon
 10359 | Lair:2   | Killed Amaemon
 10381 | Lair:2   | Lost mutation: You regenerate. [potion of mutation]
 10381 | Lair:2   | Lost mutation: You have a pair of small horns on your head.
                  | [potion of mutation]
 10381 | Lair:2   | Gained mutation: Your body sometimes deteriorates upon
                  | taking damage. [potion of mutation]
 10381 | Lair:2   | Gained mutation: Your health recovers twice as slowly from
                  | being drained. [potion of mutation]
 10381 | Lair:2   | Gained mutation: You are agile. (Dex +4, Str/Int -1)
                  | [potion of mutation]
 10413 | Lair:2   | Found a staircase to the Shoals.
 10492 | Lair:2   | Reached XP level 13. HP: 106/107 MP: 14/14
 10510 | Lair:2   | Reached skill level 5 in Evocations
 10821 | Lair:2   | Reached skill level 14 in Polearms
 10984 | Shoals:1 | Entered Level 1 of the Shoals
 11047 | Lair:3   | Found a staircase to the Snake Pit.
 11085 | Snake:1  | Entered Level 1 of the Snake Pit
 11129 | Lair:3   | HP: 8/162 [eight-headed hydra (7)]
 11250 | Lair:3   | Lost mutation: Your muscles are very strong. (Str +8,
                  | Int/Dex -2) [Jiyva's grace]
 11250 | Lair:3   | Lost mutation: Armour fits poorly on your massive
                  | pseudopods. [Jiyva's grace]
 11250 | Lair:3   | Lost mutation: Armour fits poorly on your large pseudopods.
                  | [Jiyva's grace]
 11250 | Lair:3   | Gained mutation: You have a pair of small horns on your
                  | head. [Jiyva's grace]
 11250 | Lair:3   | Gained mutation: You have a pair of horns on your head.
                  | [Jiyva's grace]
 11250 | Lair:3   | Gained mutation: You have a pair of large horns on your
                  | head. [Jiyva's grace]
 11250 | Lair:3   | Gained mutation: You are partially covered in iridescent
                  | scales. (AC +2) [Jiyva's grace]
 11918 | Lair:4   | Noticed Nessos
 11941 | Lair:4   | Killed Nessos
 12014 | Lair:4   | Noticed Urug
 12062 | Lair:4   | Killed Urug
 12076 | Lair:4   | Found a staircase to the Slime Pits.
 12135 | Slime:1  | Entered Level 1 of the Pits of Slime
 12136 | Slime:1  | Noticed an acid blob
 12143 | Slime:2  | Noticed a rockslime
 12143 | Slime:2  | Noticed a rockslime
 12143 | Slime:2  | Noticed a rockslime
 12143 | Slime:2  | Noticed a rockslime
 12143 | Slime:2  | Noticed a rockslime
 12143 | Slime:2  | Noticed a rockslime
 12145 | Slime:2  | Noticed a rockslime
 12203 | Slime:2  | Noticed an acid blob
 12209 | Slime:2  | Noticed a formless jellyfish
 12210 | Slime:2  | Noticed a formless jellyfish
 12224 | Slime:2  | Noticed an acid blob
 12227 | Slime:2  | Noticed an acid blob
 12229 | Slime:2  | Noticed an acid blob
 12304 | Slime:2  | Noticed an azure jelly
 12315 | Slime:3  | Noticed an azure jelly
 12316 | Slime:4  | Noticed an acid blob
 12332 | Slime:4  | Noticed a quicksilver ooze
 12345 | Slime:4  | Noticed an azure jelly
 12360 | Slime:5  | Entered Level 5 of the Pits of Slime
 12360 | Slime:5  | Noticed a quicksilver ooze
 12374 | Slime:5  | Noticed an acid blob
 12381 | Slime:5  | Noticed a great orb of eyes
 12382 | Slime:5  | Found a viscous altar of Jiyva.
 12385 | Slime:5  | Identified the staff of the Hero {^Drain Conj Summ Ice Air}
 12392 | Slime:5  | Identified the +7 shortbow of the Enchanting Gods {heavy,
                  | rC+}
 12393 | Slime:5  | Noticed an acid blob
 12394 | Slime:5  | Noticed an azure jelly
 12395 | Slime:5  | Noticed an acid blob
 12400 | Slime:5  | Got a starry gem with 337 turns to spare
 12401 | Slime:5  | Noticed a formless jellyfish
 12402 | Slime:5  | Got a slimy rune of Zot
 12404 | Slime:5  | Got Socra's Almanac of Telluric Attacks
 12404 | Slime:5  | Noticed an acid blob
 12405 | Slime:5  | Noticed an azure jelly
 12412 | Slime:5  | Identified the +0 scale mail of Fallacy {rF+ Will+ Str+2
                  | Int+4}
 12413 | Slime:5  | Identified the amulet "Teinel" {Reflect rCorr SH+5}
 12423 | Slime:5  | Identified the +0 leather armour of Uheug Voma {-Tele
                  | Int+4}
 12424 | Slime:5  | Noticed a quicksilver ooze
 12426 | Slime:5  | Noticed the Royal Jelly
 12439 | Slime:5  | Got Vocu Lubu's Codex of Blasting and Ouranomancy
 12455 | Slime:5  | Noticed a rockslime
 12480 | Slime:5  | Noticed a rockslime
 12503 | Slime:5  | Noticed a rockslime
 12550 | Slime:2  | Noticed an acid blob
 12653 | Lair:4   | Reached skill level 15 in Polearms
 12944 | Lair:4   | Found a runed translucent door.
 12986 | Lair:4   | Reached XP level 14. HP: 112/116 MP: 15/15
 12993 | Lair:4   | Found a runed translucent gate.
 12997 | Lair:4   | Identified the +6 whip of Cekuxol {freeze, Will+ Str+2}
 12998 | Lair:4   | Found a runed translucent gate.
 13015 | Lair:4   | Found a runed translucent gate.
 13015 | Lair:4   | Found a runed translucent gate.
 13015 | Lair:4   | Found a runed translucent gate.
 13016 | Lair:4   | Found a runed translucent gate.
 13587 | Lair:5   | Entered Level 5 of the Lair of Beasts
 13631 | Lair:5   | Found the +4 Cigotuvi's embrace {Corpsefed rMiasma ^Drain
                  | rN+}
 14131 | Lair:5   | Lost mutation: You have a pair of large horns on your head.
                  | [Jiyva's grace]
 14131 | Lair:5   | Lost mutation: You are partially covered in iridescent
                  | scales. (AC +2) [Jiyva's grace]
 14131 | Lair:5   | Lost mutation: Your body sometimes deteriorates upon taking
                  | damage. [Jiyva's grace]
 14131 | Lair:5   | Gained mutation: You possess an exceptional clarity of
                  | mind. [Jiyva's grace]
 14131 | Lair:5   | Gained mutation: You have a small jelly attached to you
                  | that may absorb projectiles. [Jiyva's grace]
 14131 | Lair:5   | Gained mutation: Your mind is acute. (Int +4, Str/Dex -1)
                  | [Jiyva's grace]
 14131 | Lair:5   | Gained mutation: Your mind is very acute. (Int +8, Str/Dex
                  | -2) [Jiyva's grace]
 14555 | Lair:5   | Identified the +5 dagger of World Downfall {venom, rF+ rC+
                  | Dex-4}
 14834 | Lair:5   | Reached skill level 16 in Polearms
 14843 | Lair:5   | Found a corrupted altar of Lugonu.
 14843 | Lair:5   | Found a one-way gate to the infinite horrors of the Abyss.
 15322 | D:12     | Found a transporter.
 15329 | D:12     | Found a transporter.
 15400 | D:12     | Noticed Fannar
 15421 | D:12     | Killed Fannar
 15558 | D:12     | Found a transporter.
 15578 | D:12     | Reached skill level 10 in Armour
 15610 | D:12     | Found a transporter.
 15612 | D:12     | Found a transporter.
 15734 | D:12     | Found a transporter.
 15921 | D:13     | Identified the +1 dagger of Springtime {drain, rF+++ Will-
                  | Dex+2 SInv}
 16203 | D:13     | Found Fotal's Weapon Boutique.
 16437 | D:13     | Reached XP level 15. HP: 91/125 MP: 16/16
 16683 | D:14     | Found a gate to the Vaults.
 17279 | D:14     | Found a sacrificial altar of Ru.
 17431 | D:15     | Entered Level 15 of the Dungeon
 17464 | D:15     | Lost mutation: Your mind is very acute. (Int +8, Str/Dex
                  | -2) [Jiyva's grace]
 17464 | D:15     | Lost mutation: Your muscles are strong. (Str +4, Int/Dex
                  | -1) [Jiyva's grace]
 17464 | D:15     | Lost mutation: Your health recovers twice as slowly from
                  | being drained. [Jiyva's grace]
 17464 | D:15     | Gained mutation: You have a small jelly attached to you
                  | that senses nearby items. [Jiyva's grace]
 17464 | D:15     | Gained mutation: Armour fits poorly on your large
                  | pseudopods. [Jiyva's grace]
 17464 | D:15     | Gained mutation: Armour fits poorly on your massive
                  | pseudopods. [Jiyva's grace]
 17464 | D:15     | Gained mutation: Your system is resistant to poisons.
                  | (rPois) [Jiyva's grace]
 18225 | D:15     | Reached skill level 17 in Polearms
 18228 | D:15     | Found a staircase to the Depths.
 18279 | D:15     | Found a shimmering blue altar of Sif Muna.
 18383 | Orc:1    | Entered Level 1 of the Orcish Mines
 18383 | Orc:1    | Found Paig's Magic Scroll Shoppe.
 18468 | Orc:1    | Bought a scroll of enchant weapon for 120 gold pieces
 18468 | Orc:1    | Bought a scroll of silence for 152 gold pieces
 18468 | Orc:1    | Bought a scroll of torment for 152 gold pieces
 18468 | Orc:1    | Bought a scroll of teleportation for 48 gold pieces
 18502 | Orc:1    | Found Ydos's Assorted Antiques.
 18510 | Orc:1    | Bought 2 fuming cyan potions for 52 gold pieces
 18510 | Orc:1    | Bought a scroll of enchant weapon for 217 gold pieces
 18510 | Orc:1    | Bought a scroll labelled HOUNLE VUEPAR for 29 gold pieces
 18551 | Orc:1    | Found Sophil's Weapon Emporium.
 18783 | Orc:1    | Found Kixail's Antique Weapon Boutique.
 18846 | Orc:1    | Found a dark tunnel.
 18866 | Volcano  | Entered a volcano
 19034 | Volcano  | Found a burning altar of Makhleb.
 19410 | Orc:2    | Entered Level 2 of the Orcish Mines
 19567 | Orc:2    | Noticed an orc warlord
 19651 | Orc:2    | Reached skill level 1 in Dodging
 19651 | Orc:2    | Reached skill level 1 in Stealth
 19715 | Orc:2    | Reached XP level 16. HP: 134/134 MP: 17/17
 19816 | Orc:2    | Reached skill level 10 in Evocations
 19866 | Orc:2    | Found Dack's Jewellery Boutique.
 19883 | Orc:2    | Found Ratsott's Antique Weapon Boutique.
 19884 | Orc:2    | Lost mutation: You have a small jelly attached to you that
                  | may absorb projectiles. [Jiyva's grace]
 19884 | Orc:2    | Gained mutation: You expend magic power (3 MP) to
                  | strengthen your wands. [Jiyva's grace]
 19884 | Orc:2    | Gained mutation: You passively map a small area around you.
                  | [Jiyva's grace]
 19884 | Orc:2    | Gained mutation: You passively map the area around you.
                  | [Jiyva's grace]
 19884 | Orc:2    | Gained mutation: You passively map a large area around you.
                  | [Jiyva's grace]
 19963 | Orc:2    | Found an iron altar of Okawaru.
 20144 | Orc:2    | Found a staircase to the Elven Halls.
 20270 | Orc:2    | Found Zoextisch's Antique Armour Boutique.
 20276 | Orc:2    | Bought a pair of runed boots for 247 gold pieces
 20290 | Orc:2    | Found Ymam's General Store.
 20584 | Snake:1  | Identified a scroll of acquirement
 20585 | Snake:1  | Acquired 729 gold pieces
 20683 | Snake:1  | Reached skill level 15 in Fighting
 20859 | Snake:1  | Found Jymics's Antique Weapon Shop.
 21290 | Snake:1  | Lost mutation: You have a pair of horns on your head.
                  | [Jiyva's grace]
 21290 | Snake:1  | Lost mutation: You passively map a large area around you.
                  | [Jiyva's grace]
 21290 | Snake:1  | Lost mutation: Your system is resistant to poisons. (rPois)
                  | [Jiyva's grace]
 21290 | Snake:1  | Lost mutation: You heal very quickly. [Jiyva's grace]
 21290 | Snake:1  | Gained mutation: Your melee attacks may engulf your foes in
                  | ooze. [Jiyva's grace]
 21290 | Snake:1  | Gained mutation: You are covered in fur. (AC +1) [Jiyva's
                  | grace]
 21290 | Snake:1  | Gained mutation: You are covered in thick fur. (AC +2)
                  | [Jiyva's grace]
 21290 | Snake:1  | Gained mutation: Your thick and shaggy fur keeps you warm.
                  | (AC +3, rC+) [Jiyva's grace]
 21884 | Snake:2  | Identified the +2 long sword of Amueth {vamp, Will- MP+9
                  | Int+3 Stlth+}
 22040 | Snake:2  | Found Erphoid's Antique Weapon Shop.
 22044 | Snake:2  | Found Giojoax's Weapon Shop.
 22044 | Snake:2  | Found Palihiw's Weapon Boutique.
 22047 | Snake:2  | Found Jopsoops's Weapon Boutique.
 22093 | Snake:2  | Bought a demon trident for 465 gold pieces
 22118 | Snake:2  | Identified the +3 short sword "Hepul" {flame, Int+3 Dex+2}
 22127 | Snake:2  | Noticed a nagaraja
 22150 | Snake:2  | Killed a nagaraja
 22216 | Snake:2  | Reached skill level 5 in Dodging
 22232 | Snake:2  | HP: 3/136 [mana viper (15)]
 22240 | Snake:2  | Reached skill level 18 in Polearms
 22303 | Snake:2  | Reached skill level 5 in Stealth
 22491 | Snake:2  | Reached XP level 17. HP: 134/142 MP: 18/18
 22613 | Snake:2  | Identified the amulet "Tieqiuc" {Reflect rCorr SH+5}
 23197 | Snake:3  | Found Xeetumef's Jewellery Boutique.
 23198 | Snake:3  | Found Ysacruam's Antique Weapon Boutique.
 23921 | Snake:4  | Entered Level 4 of the Snake Pit
 23921 | Snake:4  | Noticed Louise
 23976 | Snake:3  | Louise changed into Louise the quicksilver ooze
 23976 | Snake:3  | Noticed Louise
 24335 | Snake:4  | Noticed Vashnia
 24396 | Snake:4  | Killed Vashnia
 24554 | Snake:4  | Lost mutation: You are agile. (Dex +4, Str/Int -1) [Jiyva's
                  | grace]
 24554 | Snake:4  | Lost mutation: You possess an exceptional clarity of mind.
                  | [Jiyva's grace]
 24554 | Snake:4  | Lost mutation: You have an increased reservoir of magic.
                  | (+10% MP) [Jiyva's grace]
 24554 | Snake:4  | Lost mutation: You passively map the area around you.
                  | [Jiyva's grace]
 24554 | Snake:4  | Lost mutation: Your thick and shaggy fur keeps you warm.
                  | (AC +3, rC+) [Jiyva's grace]
 24554 | Snake:4  | Lost mutation: Armour fits poorly on your massive
                  | pseudopods. [Jiyva's grace]
 24554 | Snake:4  | Lost mutation: Armour fits poorly on your large pseudopods.
                  | [Jiyva's grace]
 24554 | Snake:4  | Gained mutation: You have very sharp teeth. [Jiyva's grace]
 24554 | Snake:4  | Gained mutation: You have extremely sharp teeth. [Jiyva's
                  | grace]
 24554 | Snake:4  | Gained mutation: You have razor-sharp teeth. [Jiyva's
                  | grace]
 24554 | Snake:4  | Gained mutation: You have supernaturally acute eyesight.
                  | (SInv) [Jiyva's grace]
 24979 | Snake:4  | Reached XP level 18. HP: 150/151 MP: 18/18
 25019 | Snake:4  | Reached skill level 19 in Polearms
 25057 | Snake:4  | Reached skill level 15 in Shields
 25057 | Snake:4  | Succumbed to a nagaraja's splash of poison

Illustrated notes

Levels and vault maps discovered:
D:1:      dpeg_arrival_three_smaller_balls, layout_loops_ring
D:2:      layout_rooms, basic_altar, ebering_ecumenical_altar_webs, st_stairs_5,
          minmay_surrounded
D:3:      layout_loops_corners, serial_co_window_serial,
          co_window_of_opportunity_a, co_window_paths_b, co_window_paths_a,
          co_window_of_opportunity_a, co_window_of_opportunity_a,
          co_window_of_opportunity_a, co_window_corner_a, co_window_cross_3,
          co_window_of_opportunity_b, co_window_of_opportunity_c,
          co_window_2corner, serial_shops, nicolae_shop_window_shopping,
          nicolae_shop_waterfront, nicolae_shop_real_fake_doors
D:4:      layout_basic, nicolae_overflow_hidden_temple, temple_hall
D:5:      layout_gridville, uniq_prince_ribbit1
D:6:      layout_loops_ring
D:7:      layout_basic, nicolae_dithmenos_the_darkroom,
          mainiacjoe_overflow_cross_hatched, minmay_stone_trees_small,
          uniq_maurice
D:8:      layout_loops_corners, mainiacjoe_overflow_small_starburst
D:9:      minmay_chopped_fan, layout_loops_cross, elyvilon_altar_5,
          chequers_temple_overflow_minitemple
D:10:     layout_loops_cross, nicolae_tricolors
D:11:     layout_long_grid, lair_entry_dummy,
          kennysheep_orc_monster_closet_entryway, evilmike_ruin_ashenzari
D:12:     layout_gridville, serial_nicolae_subway, nicolae_sub_station_crystal,
          nicolae_sub_station_metal, nicolae_sub_station_stone, uniq_fannar
D:13:     layout_loops_cross, serial_shops, shop, nicolae_zig_zag_zippers
D:14:     layout_small_grid, hellmonk_vaults_order_and_chaos,
          nicolae_ru_path_of_blood
D:15:     grunt_enter_depths_hoard, layout_irregular_city,
          lemuel_coloured_pillars_altar, lightli_corner_chamber
Lair:1:   layout_concentric_octagons, pdpol_lair_neglected_garden,
          nicolae_quartered_pool_little, serial_bayou_shore_b
Lair:2:   layout_misc_corridors, elwin_shoals_entry_stream, uniq_amaemon
Lair:3:   layout_long_grid, minmay_snake_entry_six_corridors,
          portal_ice_cave_entry_animals_and_master
Lair:4:   gammafunk_indiana_jones, layout_cave_pods,
          minmay_slime_entry_oklob_open, lemuel_fruit_tree, uniq_nessos,
          uniq_urug
Lair:5:   hellmonk_lair_end_abyssal_woods, layout_long_grid, minivault_11
Shoals:1: layout_shoals
Snake:1:  cheibrodos_snake_ritualist_ritual, layout_onion_interference,
          serial_shops, shop_statue, drop_trap
Snake:2:  layout_onion_interference, nicolae_snake_storage_room,
          minmay_shoptagon
Snake:3:  layout_misc_corridors, nicolae_wooded_promenade, grunt_megastairs_5
Snake:4:  snake_pit_salamanders_mu, layout_rooms, uniq_vashnia, uniq_louise
Slime:1:  layout_caves
Slime:2:  layout_caves, nicolae_slime_barrier, nicolae_slime_rock_hall_of_fame
Slime:3:  layout_caves
Slime:4:  layout_caves, nicolae_slime_phagocytosis
Slime:5:  slime_pit_nicolae_amoeboid
Orc:1:    layout_caves, enter_volcano_2, serial_shops, nicolae_square_shop,
          nicolae_lakefront_shop, shop, nicolae_shop_hallway_plus,
          guppyfry_library_mini
Orc:2:    grunt_orc_cross, layout_caves, basic_altar, okawaru_metal_pillars_1_2

Skill      XL: |  1  2  3  4  5  6  7  8  9 10 11 12 13 14 15 16 17 18 |
---------------+-------------------------------------------------------+-----
Polearms       | 3 4 5 6 7 9 11 12 13 15 16 17 18 19 | 19.0
Fighting       | 4 5 6 8 9 10 11 12 13 14 15 16 | 16.3
Armour         | 3 4 5 6 7 8 9 10 11 | 11.7
Shields        | 4 5 6 7 8 10 11 12 13 14 15 | 15.0
Evocations     | 1 4 6 8 9 10 11 | 11.7
Dodging        | 1 5 8 |  8.2
Stealth        | 1 5 7 |  7.6

Action                     |  1- 3 |  4- 6 |  7- 9 | 10-12 | 13-15 | 16-18 || total
---------------------------+-------+-------+-------+-------+-------+-------++-------
  Melee: Trident           |    98 |   159 |   335 |   842 |  1915 |   460 ||  3809
         Headbutt          |       |    13 |    58 |   148 |   445 |   259 ||   923
         Pseudopods        |       |       |       |    33 |   466 |   256 ||   755
         Demon trident     |       |       |       |       |       |   875 ||   875
         Bite              |       |       |       |       |       |    17 ||    17
 Invoke: Oozemancy         |       |       |       |       |       |     1 ||     1
  Evoke: Wand              |       |       |       |     1 |    13 |    11 ||    25
         Condenser vane    |       |       |       |       |     2 |     2 ||     4
         Sack of spiders   |       |       |       |       |     1 |     1 ||     2
         Lightning rod     |       |       |       |       |       |     6 ||     6
    Use: Scroll            |       |     5 |     1 |     3 |    18 |    12 ||    39
         Potion            |       |       |       |     2 |     2 |    10 ||    14
   Stab: Distracted        |       |       |       |     1 |     1 |     4 ||     6
         Sleeping          |       |       |       |       |       |     7 ||     7
 Armour: Scale mail        |    35 |    20 |       |       |       |       ||    55
         Chain mail        |       |    55 |   167 |   414 |   563 |       ||  1199
         Leather armour    |       |       |       |       |   461 |   537 ||   998
  Dodge: Dodged            |    29 |    38 |    62 |   182 |   335 |   320 ||   966
  Block: Buckler           |    13 |    35 |   109 |   271 |   930 |   654 ||  2012
         Reflection        |       |       |       |       |    51 |   110 ||   161
